Map: Para Site LE

Players

Future

  • Race: Terran Terran
  • League: Grandmaster
  • Spawn Location: 11:00

puCK (Nina) - Winner!

  • Race: Protoss Protoss
  • League: Grandmaster
  • Spawn Location: 5:00

Event: Cheeseadelphia 8

VOD

Have the link to the VOD?

Description

Time

  • Played on: Dec. 9, 2018, 6:54 p.m.
  • Length: 11:53

All games in this series

Show
View Real Time Build Order
Export as new Build Order

Future Terran 

Build Orders: Banshee Rush 

Get SALT Encoding   

  12  0:00  SCV  
  13  0:12  SCV  
  14  0:19  Supply Depot  
  14  0:24  SCV  
  15  0:40  Barracks, SCV  
  16  0:48  Refinery  
  16  0:52  SCV  
  16  0:56  Refinery  
  17  1:04  SCV  
  18  1:17  SCV  
  19  1:28  Reaper  
  19  1:29  Orbital Command  
  20  1:40  Supply Depot  
  20  1:46  Factory  
  20  1:55  SCV  
  20  2:00  Reaper  
  22  2:06  Supply Depot  
  22  2:07  SCV  
  23  2:19  SCV  
  24  2:31  Factory Reactor, Starport, SCV  
  24  2:34  Reaper  
  26  2:43  SCV  
  27  2:52  Supply Depot  
  27  2:55  SCV  
  28  3:08  Widow Mine x2  
  28  3:09  Medivac  
  34  3:20  Command Center  
  34  3:25  SCV  
  34  3:29  Widow Mine  
  34  3:30  Widow Mine  
  38  3:41  Starport Tech Lab  
  38  3:51  Barracks  
  38  3:52  Barracks  
  39  3:59  Cloaking Field, Banshee  
  41  4:04  Hellion  
  42  4:11  Hellion  
  42  4:12  SCV  
  45  4:28  Hellion  
  46  4:32  Orbital Command  
  46  4:37  Hellion  
  48  4:40  Barracks Reactor  
  48  4:42  Banshee  
  48  4:43  Barracks Tech Lab  
  48  4:44  Barracks Tech Lab  
  51  4:53  SCV  
  51  4:56  Supply Depot  
  51  4:58  Orbital Command  
  52  5:03  Marine, Combat Shield  
  52  5:04  Stimpack  
  53  5:11  SCV  
  53  5:12  Marine  
  55  5:16  Marine x2  
  55  5:21  Marine  
  58  5:24  SCV  
  57  5:32  Marine, SCV  
  57  5:34  Marine  
  57  5:35  Marine  
  61  5:38  Marine  
  60  5:43  SCV  
  60  5:46  SCV  
  60  5:49  Marine  
  54  5:52  Marine  
  54  5:53  Marine  
  54  5:56  Marine, SCV  
  55  5:58  SCV  
  56  6:07  Marine  
  56  6:08  SCV  
  56  6:09  Marine  
  56  6:11  Marine, Engineering Bay  
  60  6:13  SCV  
  60  6:15  Raven, Marauder  
  65  6:20  SCV  
  66  6:26  Marauder  
  66  6:27  SCV  
  66  6:32  Supply Depot  
  69  6:33  Factory Reactor  
  69  6:34  Marine  
  69  6:35  Concussive Shells  
  69  6:36  Supply Depot, Marauder  
  69  6:37  Marine  
  71  6:47  SCV x2, Marauder  
  71  6:49  Terran Infantry Weapons Level 1  
  71  6:51  Marine  
  75  6:54  Marine  
  75  6:57  Marine  
  77  7:04  SCV  
  77  7:07  Supply Depot  
  77  7:08  Supply Depot, Marine  
  76  7:09  Marine  
  76  7:11  Widow Mine  
  76  7:12  Marine, Widow Mine  
  84  7:15  Marauder  
  84  7:17  Missile Turret  
  81  7:26  Marauder  
  81  7:27  Marine  
  74  7:30  Marine  
  72  7:40  Barracks  
  72  7:41  Widow Mine x2  
  72  7:50  Barracks, SCV x2  
  74  7:51  Refinery  
  74  7:57  Marauder  
  74  7:58  Marauder  
  80  8:02  Marine  
  80  8:03  Marine  
  82  8:09  Refinery  
  82  8:10  Widow Mine  
  82  8:11  Widow Mine  
  86  8:19  Marauder x2  
  86  8:20  Marine  
  86  8:21  Marine  
  72  8:34  Barracks Tech Lab  
  72  8:38  Barracks Reactor  
  72  8:39  Widow Mine x2  
  72  8:40  Marauder  
  76  8:44  Marine x2, Marauder  
  76  8:45  Starport  
  76  8:48  Terran Infantry Armor Level 1  
  78  8:53  Missile Turret  
  78  8:57  Missile Turret  
  78  8:59  Marauder  
  78  9:01  Marine, Marauder  
  78  9:02  Marine  
  84  9:03  Widow Mine  
  84  9:05  Marauder, Widow Mine  
  90  9:15  Marine  
  91  9:18  Marine  
  91  9:20  Marauder  
  91  9:23  Marauder  
  96  9:26  Marauder  
  98  9:35  Marine  
  99  9:41  Marauder  
  99  9:42  Marine  
  99  9:43  Medivac, Marine x2  
  99  9:44  Medivac, Marauder  
  106  9:53  Marine  
  106  9:56  Marine  
  109  10:02  Factory Tech Lab, Supply Depot x2, Marine  
  109  10:03  Marine x3  
  109  10:05  Supply Depot  
  109  10:06  Marauder  
  113  10:13  Medivac  
  113  10:14  Medivac  
  117  10:24  Marauder x2  
  117  10:25  Marine x2  
  117  10:26  Marine  
  117  10:27  Marine x2  
  123  10:43  Marine  
  123  10:45  Marauder  
  123  10:47  Marine  
  124  10:55  Marauder  
  107  11:12  Marauder x2  
  107  11:20  Orbital Command x2  
  107  11:24  Marauder  
  71  11:34  Marine  
Show
View Real Time Build Order
Export as new Build Order

puCK Protoss - Winner!

Build Orders:  

Get SALT Encoding   

  12  0:00  Probe  
  13  0:12  Probe  
  14  0:18  Pylon  
  14  0:25  Probe  
  15  0:34  Probe  
  15  0:37  Gateway  
  15  0:42  Probe  
  16  0:49  Assimilator  
  17  0:51  Probe  
  18  1:03  Probe  
  19  1:14  Assimilator  
  19  1:15  Probe  
  20  1:24  Cybernetics Core  
  20  1:27  Probe  
  21  1:38  Pylon  
  21  1:39  Probe  
  22  1:51  Probe  
  22  1:52  Adept  
  23  2:02  Warp Gate  
  23  2:03  Probe  
  26  2:17  Nexus  
  25  2:23  Stalker  
  25  2:29  Probe  
  28  2:48  Robotics Facility  
  28  2:52  Probe  
  29  3:01  Stalker  
  31  3:11  Pylon  
  31  3:16  Shield Battery  
  31  3:29  Immortal  
  31  3:32  Stalker  
  37  3:52  Gateway  
  37  3:54  Probe  
  38  3:58  Probe  
  39  4:05  Gateway  
  39  4:16  Observer  
  38  4:27  Probe  
  38  4:34  Probe  
  39  4:40  Warp Prism, Pylon  
  39  4:42  Probe  
  42  4:46  Probe  
  43  4:54  Probe  
  43  4:57  Sentry  
  43  4:58  Sentry  
  43  4:59  Probe  
  49  5:06  Pylon  
  49  5:07  Probe  
  50  5:11  Probe  
  51  5:15  Pylon  
  51  5:19  Probe  
  52  5:22  Observer  
  46  5:35  Probe  
  46  5:36  Probe  
  46  5:48  Probe x2  
  45  6:00  Probe x2, Observer  
  46  6:06  Stalker  
  48  6:12  Probe x2  
  49  6:24  Probe x2  
  51  6:25  Stalker  
  51  6:30  Immortal  
  53  6:36  Probe x2  
  59  6:48  Probe x2  
  61  6:54  Shield Battery  
  61  6:58  Zealot  
  61  7:00  Probe x2  
  57  7:03  Sentry  
  57  7:05  Stalker  
  59  7:12  Probe x2  
  59  7:13  Warp Prism  
  61  7:24  Probe  
  61  7:25  Probe  
  55  7:35  Probe  
  55  7:37  Probe  
  53  7:40  Assimilator  
  53  7:41  Stalker x2  
  53  7:44  Probe, Shield Battery  
  57  7:46  Assimilator  
  57  7:49  Probe  
  59  7:52  Probe  
  59  7:56  Immortal  
  64  8:03  Stalker, Probe  
  67  8:12  Gateway  
  67  8:22  Zealot x2  
  67  8:32  Zealot  
  67  8:33  Probe  
  65  8:37  Observer  
  65  8:39  Probe  
  65  8:40  Robotics Bay  
  66  8:41  Probe  
  66  8:43  Sentry  
  66  8:47  Observer  
  70  8:49  Probe  
  70  8:51  Probe, Shield Battery  
  70  8:52  Pylon  
  72  8:59  Probe  
  73  9:03  Probe  
  73  9:04  Sentry  
  73  9:07  Pylon  
  76  9:11  Probe  
  76  9:14  Pylon  
  77  9:19  Colossus  
  77  9:23  Nexus  
  77  9:33  Sentry x2  
  77  9:37  Pylon  
  87  9:45  Observer  
  87  9:49  Forge, Gravitic Drive  
  87  9:51  Forge  
  87  9:58  Zealot x3  
  93  10:01  Observer  
  93  10:02  Probe x2  
  95  10:08  Colossus  
  95  10:14  Pylon  
  95  10:19  Probe  
  95  10:20  Probe  
  103  10:38  Twilight Council  
  103  10:44  Probe  
  103  10:47  Stalker x2  
  108  10:52  Colossus  
  108  10:55  Zealot  
  110  10:58  Probe  
  110  10:59  Probe  
  118  11:10  Sentry  
  114  11:14  Zealot x2  
  116  11:20  Zealot  
  103  11:34  Stalker  
  103  11:37  Stalker x2  
Tags
 
Add a new tag
Caveats
  • Supply blocks, unpowered buildings, or Contaminate may cause inaccurate times.
  • Supply counts are checked every 10 seconds.